 Dungeon Crawl Stone Soup version 0.16.2-12-gd0ad4c3 (webtiles) character file.

193 Peloso the Shield-Bearer (level 5, -6/46 HPs)
             Began as a Minotaur Fighter on Sept 26, 2015.
             Mangled by Musteatbrain's ghost (14 damage)
             ... on level 4 of the Dungeon.
             The game lasted 00:06:02 (1927 turns).

Peloso the Shield-Bearer (Minotaur Fighter)         Turns: 1927, Time: 00:06:04

Health: -6/46      AC: 10    Str: 22    XL:     5   Next: 43%
Magic:  2/2        EV:  4    Int:  5    God:
Gold:   161        SH: 17    Dex: 11    Spells: 0 memorised, 4 levels left

rFire  . . .     SeeInvis .     o - +1 hand axe (freeze)
rCold  . . .     Clarity  +     F - +0 chain mail (curse)
rNeg   . . .     SustAb   .     z - +2 large shield
rPois  .         Gourm    .     (helmet restricted)
rElec  .         Spirit   .     v - +0 cloak
rCorr  .         Warding  .     (no gloves)
rMut   .         Rnd*Tele +     (no boots)
MR     .....                    t - amulet of clarity
Stlth  ..........               u - ring of teleportation (curse)
                                p - +2 ring of dexterity

@: not resistant to hostile enchantments, extremely unstealthy
A: retaliatory headbutt, horns 2
a: Evoke Teleportation


You were on level 4 of the Dungeon.
You were hungry.

You visited 1 branch of the dungeon, and saw 4 of its levels.

You collected 161 gold pieces.

Inventory:

Hand weapons
 a - a +0 long sword
 o - a +1 hand axe of freezing (weapon)
Armour
 v - a +0 cloak (worn)
 z - a +2 large shield (worn)
 F - a cursed +0 chain mail (worn)
Jewellery
 p - a +2 ring of dexterity (left hand)
 t - an amulet of clarity (around neck)
 u - a cursed ring of teleportation (right hand)
Magical devices
 n - a wand of confusion (18)
Potions
 e - a potion of might
 h - 2 potions of curing {unknown}
 j - a potion of resistance {unknown}
 q - a potion of brilliance {unknown}
 s - a potion of degeneration {unknown}
 x - a potion of magic {unknown}
 D - a potion of lignification {unknown}
 E - a potion of poison {unknown}
Books
 y - a Fen Folio

   Spells                             Type                      Level
   a - Corpse Rot                     Necromancy                   2
   b - Stone Arrow                    Conjuration/Earth            3
   c - Leda's Liquefaction            Hexes/Earth                  4
   d - Summon Forest                  Summoning/Translocation      5
   e - Hydra Form                     Transmutation                6
   f - Summon Hydra                   Summoning                    7
Comestibles
 d - 4 bread rations
 g - 3 fruits
 k - 2 beef jerkies
 w - a chunk of flesh
 B - a meat ration


   Skills:
 + Level 4.3 Fighting
 + Level 3.1 Long Blades
 + Level 1.2 Axes
 + Level 4.8 Armour
 + Level 1.9 Dodging
 + Level 5.1 Shields


You had 4 spell levels left.
You didn't know any spells.

Dungeon Overview and Level Annotations

Branches:
Dungeon (4/15)
 Temple: D:4-7

Altars:

Annotations:
D:4 Musteatbrain's ghost, average DsFi


Innate Abilities, Weirdness & Mutations

You reflexively headbutt those who attack you in melee.
You have a pair of horns on your head.


Message History

Musteatbrain's ghost hits you but does no damage.
You barely miss Musteatbrain's ghost.
Musteatbrain's ghost is moderately damaged.
Musteatbrain's ghost hits you but does no damage.
You hit Musteatbrain's ghost but do no damage.
Musteatbrain's ghost is moderately damaged.
You block Musteatbrain's ghost's attack.
Your shield prevents you from hitting Musteatbrain's ghost.
Musteatbrain's ghost is moderately damaged.
You block Musteatbrain's ghost's attack. x2
You hit Musteatbrain's ghost. You freeze Musteatbrain's ghost.
Musteatbrain's ghost is heavily damaged.
Musteatbrain's ghost hits you but does no damage.
You hit Musteatbrain's ghost but do no damage.
You headbutt Musteatbrain's ghost, but do no damage.
Musteatbrain's ghost is heavily damaged.
Musteatbrain's ghost hits you!
* * * LOW HITPOINT WARNING * * *
You are electrocuted!
You die...

. #..# ..# ##..# ..#
#..## ..# #...## ####..#
##....## #####.....##
##......# ...........##
##........
........W....###.........
#....@##........###...
#.....###.....)## #..
#.....###..##.....# #.
##.....##...###.....# #
..##.....###..## #......
..........###..# #.....
#.........#...## #....
#####..........# ...
##......#....#


You could see Musteatbrain's ghost.

Vanquished Creatures
  Crazy Yiuf (D:2)
  A worker ant (D:4)
  Ijyb (D:2)
  4 gnolls (D:3)
  3 adders
  2 worms
  A ball python (D:3)
  A giant cockroach (D:2)
  2 goblins (D:3)
  7 hobgoblins
  2 quokkas
  14 bats
  4 giant newts
  6 kobolds (D:1)
  6 rats
55 creatures vanquished.

Notes
Turn   | Place    | Note
--------------------------------------------------------------
     0 | D:1      | Peloso, the Minotaur Fighter, began the quest for the Orb.
     0 | D:1      | Reached XP level 1. HP: 19/19 MP: 1/1
   119 | D:1      | Reached XP level 2. HP: 25/27 MP: 1/1
   434 | D:2      | Reached skill level 4 in Shields
   772 | D:2      | Noticed Ijyb
   778 | D:2      | Reached XP level 3. HP: 30/33 MP: 2/2
   783 | D:2      | Killed Ijyb
  1127 | D:2      | Noticed Crazy Yiuf
  1137 | D:2      | Killed Crazy Yiuf
  1137 | D:2      | Reached skill level 1 in Dodging
  1137 | D:2      | Reached XP level 4. HP: 40/40 MP: 2/2
  1552 | D:3      | Reached XP level 5. HP: 44/46 MP: 2/2
  1570 | D:3      | Reached skill level 1 in Axes
  1614 | D:3      | Reached skill level 5 in Shields
  1906 | D:4      | Noticed Musteatbrain's ghost (average DsFi)
  1927 | D:4      | Mangled by Musteatbrain's ghost

Action                   |  1- 3 |  4- 6 || total
-------------------------+-------+-------++-------
Melee: Long sword        |    44 |       ||    44
       Hand axe          |    35 |    92 ||   127
  Use: Scroll            |       |     5 ||     5
  Eat: Fruit             |       |     1 ||     1
       Chunk             |       |     2 ||     2
